 Dungeon Crawl Stone Soup version 0.29.0-4-gdea44cf6ec (webtiles) character file.

Game seed: 2729752294453086145

12 Sasquatch13 the Magician (level 2, 0/30 HPs)
             Began as a Gnoll Wanderer on Aug 26, 2022.
             Slain by a goblin
             ... wielding a +0 club
              (2 damage)
             ... on level 1 of the Dungeon.
             The game lasted 00:05:21 (626 turns).

Sasquatch13 the Magician (Gnoll Wanderer)            Turns: 626, Time: 00:05:21

Health: 0/30       AC:  3    Str: 16    XL:     2   Next: 33%
Magic:  10/10      EV: 11    Int:  9    God:
Gold:   0          SH:  0    Dex: 10    Spells: 14/15 levels left

rFire   . . .      SeeInvis .   a - +0 club
rCold   . . .      Faith    .   (no shield)
rNeg    . . .      Spirit   .   e - +0 leather armour
rPois   .          Reflect  .   (helmet restricted)
rElec   .          Harm     .   (no cloak)
rCorr   .          Rampage  .   (no gloves)
Will    .....      Rage     3%  (no boots)
Stlth   ..........              (no amulet)
HPRegen 0.10/turn               (no ring)
MPRegen 0.12/turn               (no ring)

@: berserking, very quick
A: fangs 1, strong nose, distributed training, horns 1, berserk 1, strong 1
a: no special abilities


You were on level 1 of the Dungeon.
You visited 1 branch of the dungeon, and saw 1 of its levels.

Inventory:

Hand Weapons
 a - a +0 club (weapon)
Armour
 e - a +0 leather armour (worn)
Wands
 c - a wand of flame (7)
Potions
 d - a potion of might
 f - a potion of berserk rage


   Skills:
 + Level 0.4 Fighting
 + Level 0.4 Short Blades
 + Level 0.4 Long Blades
 + Level 0.4 Axes
 + Level 0.4 Maces & Flails
 + Level 0.4 Polearms
 + Level 0.4 Staves
 + Level 0.4 Ranged Weapons
 + Level 0.4 Throwing
 + Level 2.5 Armour
 + Level 0.4 Dodging
 + Level 0.4 Stealth
 + Level 0.4 Shields
 + Level 4.5 Unarmed Combat
 + Level 7.1 Spellcasting
 + Level 2.0 Conjurations
 + Level 0.2 Hexes
 + Level 0.2 Summonings
 + Level 0.2 Necromancy
 + Level 0.2 Translocations
 + Level 0.2 Transmutations
 + Level 0.2 Fire Magic
 + Level 0.2 Ice Magic
 + Level 0.2 Air Magic
 + Level 0.2 Earth Magic
 + Level 0.2 Poison Magic
 + Level 2.5 Invocations
 + Level 4.5 Evocations


You had 14 spell levels left.
You knew the following spells:

 Your Spells              Type           Power      Damage    Failure   Level
a - Shock                 Conj/Air       20%        1d4       14%         1

Your spell library contained the following spells:

 Spells                   Type           Power      Damage    Failure   Level
 Mephitic Cloud           Conj/Pois/Air  4%         N/A       45%         3


Dungeon Overview and Level Annotations

Branches:
Dungeon (1/15)

Altars:


Innate Abilities, Weirdness & Mutations

You have very sharp teeth.
Your uncanny sense of smell can sniff out nearby items.
Your experience applies equally to all skills.
You have a pair of small horns on your head.
You sometimes lose your temper in combat.
Your muscles are strong. (Str +4, Int/Dex -1)


Message History

You hit the bat.
You kill the bat!
The hobgoblin misses you. The jackal barely misses you.
You hit the jackal.
You kill the jackal!
The hobgoblin barely misses you.
The frilled lizard bites you but does no damage.
The hobgoblin hits you but does no damage.
You barely miss the frilled lizard. The frilled lizard bites you.
* * * LOW HITPOINT WARNING * * *
The hobgoblin hits you but does no damage.
You barely miss the frilled lizard. The frilled lizard barely misses you.
The hobgoblin hits you but does no damage.
You barely miss the frilled lizard. The frilled lizard closely misses you.
The hobgoblin barely misses you.
You are too injured to fight recklessly!
There are no items here.
Unknown command.
It was a potion of mutation.
You feel extremely strange.
You feel a little pissed off. A pair of horns grows on your head!
You feel stronger.
The frilled lizard bites you but does no damage.
The hobgoblin closely misses you.
Blink to where?
Press: ? - help, Dir - move target
As you read the scroll of blinking, it crumbles to dust.
Found 6 boomerangs.
A bat comes into view.
The bat hits you but does no damage.
You see here 6 boomerangs.
A red film seems to cover your vision as you go berserk!
You feel yourself moving faster!
You feel mighty!
You hit the bat.
You kill the bat!
The goblin misses you. The goblin barely misses you.
Unknown command.
You closely miss the goblin. The goblin hits you with a +0 club.
* * * LOW HITPOINT WARNING * * *
You closely miss the goblin. The goblin completely misses you.
You miss the goblin. The goblin hits you with a +0 club.
You die... . #. #. #.. #..# ..## #.###### #@gSglr#

#(####S# ∆
#.#...## #.# #
#.#### #S# # #.
#. ###.##
...##.######$..g.
............##l#
#.....S####r# #
#...).hSr†§.# .#


You could see a hobgoblin, a goblin, 2 ball pythons, a frilled lizard and a rat.

Vanquished Creatures
  A dart slug (D:1)
  3 bats (D:1)
  A giant cockroach (D:1)
  A jackal (D:1)
  2 kobolds (D:1)
  A ball python (D:1)
  A frilled lizard (D:1)
  A rat (D:1)
11 creatures vanquished.

Notes
Turn   | Place    | Note
-------+----------+-------------------------------------------
     0 | D:1      | Sasquatch13 the Gnoll Wanderer began the quest for the Orb.
     0 | D:1      | Sasquatch13 set off with the following items: a +0 club, a
                  | scroll of blinking, a wand of flame (7), a potion of might,
                  | a +0 leather armour, a potion of berserk rage; and the
                  | following spell memorised: Shock; and the following spells
                  | available to memorise: Mephitic Cloud.
     0 | D:1      | Reached XP level 1. HP: 13/13 MP: 8/8
   561 | D:1      | Reached XP level 2. HP: 14/19 MP: 10/10
   610 | D:1      | HP: 1/20 [frilled lizard (2)]
   613 | D:1      | Gained mutation: You sometimes lose your temper in combat.
                  | [potion of mutation]
   613 | D:1      | Gained mutation: You have a pair of small horns on your
                  | head. [potion of mutation]
   613 | D:1      | Gained mutation: Your muscles are strong. (Str +4, Int/Dex
                  | -1) [potion of mutation]
   626 | D:1      | Slain by a goblin

Illustrated notes

Levels and vault maps discovered:
D:1:      amcnicky_arrival_double_pillar, layout_loops_ring

Skill      XL: |  1 |
---------------+----+-----
Conjurations   | 2 |  2.0
Fighting       | |  0.4
Short Blades   | |  0.4
Long Blades    | |  0.4
Axes           | |  0.4
Maces & Flails | |  0.4
Polearms       | |  0.4
Staves         | |  0.4
Ranged Weapons | |  0.4
Throwing       | |  0.4
Armour         | |  2.5
Dodging        | |  0.4
Stealth        | |  0.4
Shields        | |  0.4
Unarmed Combat | |  4.5
Spellcasting   | |  7.1
Hexes          | |  0.2
Summonings     | |  0.2
Necromancy     | |  0.2
Translocations | |  0.2
Transmutations | |  0.2
Fire Magic     | |  0.2
Ice Magic      | |  0.2
Air Magic      | |  0.2
Earth Magic    | |  0.2
Poison Magic   | |  0.2
Invocations    | |  2.5
Evocations     | |  4.5

Action                   || total
-------------------------++-------
Melee: Club              ||    51
       Bite              ||     4
 Cast: Shock             ||     1
  Use: Scroll            ||     1
       Potion            ||     1
Armor: Leather armour    ||    44
Dodge: Dodged            ||    64
